 Dungeon Crawl Stone Soup version 0.30.0-5-g1a98f26d00 (webtiles) character file.

Game seed: 10038999819355285193

29045 browni3141 the Tainter (level 13, 0/60 HPs)
             Began as a Vine Stalker Venom Mage on May 13, 2023.
             Was a High Priest of Sif Muna.
             Slain by a death yak (20 damage)
             ... on level 2 of the Lair of Beasts.
             The game lasted 00:58:55 (19115 turns).

browni3141 the Tainter (Vine Stalker Venom Mage)   Turns: 19115, Time: 00:58:55

Health: 0/60       AC:  9    Str:  7    XL:     13   Next: 42%
Magic:  0/28       EV: 15    Int: 22    God:    Sif Muna [*****.]
Gold:   185        SH:  0    Dex: 18    Spells: 5/32 levels left

rFire   . . .        a - +5 mace of the Enfolding Penguin {freeze, rCorr Int+2}
rCold   . . .        (no shield)
rNeg    . . .        l - +2 robe "Vycvo" {rPois Str-4 Int+3}
rPois   +            m - +1 helmet of the Lumpy Xalams {rElec Slay+2}
rElec   +            E - +0 cloak
rCorr   +            G - +0 pair of gloves
SInv    .            s - +0 pair of boots
Will    +....        (no amulet)
Stlth   ++++         t - ring of wizardry
HPRegen 1.10/turn    X - ring of the Mage {Wiz Archmagi}
MPRegen 0.21/turn

%: guardian spirit, wizardry (x2), archmagi
@: no status effects
A: fangs 3, regeneration 1, magic shield, antimagic bite, no potion heal 2
a: Renounce Religion, Channel Magic, Forget Spell, Divine Exegesis


You were on level 2 of the Lair of Beasts.
You worshipped Sif Muna.
Sif Muna was extremely pleased with you.
You visited 4 branches of the dungeon, and saw 17 of its levels.
You also visited: Sewer and Bailey.

You collected 1800 gold pieces.
You spent 1615 gold pieces at shops.

Inventory:

Hand Weapons
 a - the +5 mace of the Enfolding Penguin (weapon) {freeze, rCorr Int+2}
   (You found it on level 3 of the Dungeon)

   Int:       It affects your intelligence (+2).
   rCorr:     It protects you from acid and corrosion.
 b - the +2 sling of Zin's Regard {speed, Int+3}
   (You found it on level 2 of the Dungeon)

   Int:       It affects your intelligence (+3).
 u - a +0 rapier
Missiles
 z - 3 datura-tipped darts
 J - 7 poisoned darts
Armour
 c - a +0 chain mail of cold resistance
 l - the +2 robe "Vycvo" (worn) {rPois Str-4 Int+3}
   (You bought it in a shop on level 2 of the Dungeon)

   Str:       It affects your strength (-4).
   Int:       It affects your intelligence (+3).
   rPois:     It protects you from poison.
 m - the +1 helmet of the Lumpy Xalams (worn) {rElec Slay+2}
   (You bought it in a shop on level 2 of the Dungeon)

   Slay:      It affects your accuracy & damage with ranged weapons and melee
   (+2).
   rElec:     It insulates you from electricity.
 q - a +1 ring mail of cold resistance
 r - a +2 robe of fire resistance
 s - a +0 pair of boots (worn)
 x - a +3 plate armour of positive energy
 B - a +0 cloak
 D - an orb of guile
 E - a +0 cloak (worn)
 G - a +0 pair of gloves (worn)
 R - +0 acid dragon scales
 T - a +0 robe
 W - a +0 leather armour of cold resistance
Magical Staves
 g - a staff of air
Jewellery
 k - a ring of protection from fire
 t - a ring of wizardry (left hand)
 y - a +6 ring of intelligence
 A - a +4 ring of slaying
 X - the ring of the Mage (right hand) {Wiz Archmagi}
   (You bought it in a shop on level 1 of the Orcish Mines)

   [ring of wizardry]

   It improves your spell success rate.
   Archmagi:  It increases the power of your magical spells.
Wands
 i - a wand of roots (4)
 p - a wand of polymorph (14)
 V - a wand of flame (4)
Scrolls
 h - a scroll of fog
 n - a scroll of poison
 w - 2 scrolls of magic mapping
 K - 8 scrolls of teleportation
 N - 6 scrolls of amnesia
 O - a scroll of blinking
 P - a scroll of enchant armour
 S - 2 scrolls of enchant weapon
 U - a scroll of vulnerability
 Y - 3 scrolls of brand weapon
Potions
 d - a potion of berserk rage
 e - 4 potions of ambrosia
 o - 2 potions of degeneration
 v - a potion of resistance
 C - 3 potions of curing
 F - a potion of flight
 H - a potion of haste {unknown}
 I - 3 potions of heal wounds {unknown}
 L - 2 potions of lignification
 M - 2 potions of might
 Q - a potion of brilliance {unknown}
 Z - a potion of mutation {unknown}
Miscellaneous
 j - a tin of tremorstones (1/2)


   Skills:
 - Level 3.0 Fighting
 - Level 4.0 Maces & Flails
 - Level 3.0 Armour
 * Level 5.9 Dodging
 * Level 9.5 Stealth
 - Level 10.0 Spellcasting
 - Level 3.0 Conjurations
 - Level 3.0 Translocations
 - Level 6.0 Transmutations
 * Level 5.7 Fire Magic
 * Level 5.7 Air Magic
 - Level 10.0 Poison Magic
 * Level 7.7 Invocations
 - Level 2.0 Evocations


You had 5 spell levels left.
You knew the following spells:

 Your Spells              Type           Power      Damage    Failure   Level
a - Sting                 Tmut/Pois      100%       1d8       1%          1
b - Olgreb's Toxic Radia  Pois           70%        N/A       1%          4
c - Alistair's Intoxicat  Tmut/Pois      41%        N/A       1%          5
d - Volatile Blastmotes   Fire/Tloc      90%        2d17      1%          3
e - Plasma Beam           Fire/Air       26%        2x1d42    22%         6
m - Mephitic Cloud        Conj/Pois/Air  55%        N/A       1%          3
v - Poisonous Vapours     Pois/Air       100%       N/A       1%          2
A - Apportation           Tloc           72%        N/A       1%          1
B - Blink                 Tloc           72%        N/A       1%          2

Your spell library contained the following spells:

 Spells                   Type           Power      Damage    Failure   Level
 Beastly Appendage        Tmut           100%       N/A       1%          1
 Foxfire                  Conj/Fire      100%       2x1d9     1%          1
 Magic Dart               Conj           100%       1d8       1%          1
 Necrotise                Necr           64%        1d7       1%          1
 Shock                    Conj/Air       100%       1d9       1%          1
 Slow                     Hex            64%        N/A       1%          1
 Summon Small Mammal      Summ           64%        N/A       1%          1
 Lesser Beckoning         Tloc           72%        N/A       1%          2
 Momentum Strike          Conj/Tloc      72%        3d10      1%          2
 Searing Ray              Conj           72%        2d7       1%          2
 Flame Wave               Conj/Fire      45%        2d12      2%          4
 Iskenderun's Mystic Bla  Conj/Tloc      36%        2d9       4%          4
 Manifold Assault         Tloc           36%        N/A       4%          4
 Blade Hands              Tmut           27%        N/A       4%          5
 Confusing Touch          Hex            16%        N/A       5%          3
 Vampiric Draining        Necr           16%        2d7       5%          3
 Irradiate                Conj/Tmut      23%        3d19      7%          5
 Fireball                 Conj/Fire      22%        3d10      8%          5
 Fulminant Prism          Conj/Hex       13%        3d8       9%          4
 Freezing Cloud           Conj/Ice/Air   17%        6-21      13%         5
 Animate Dead             Necr           16%        N/A       16%         4
 Borgnjor's Vile Clutch   Necr/Erth      8%         N/A       38%         5
 Lee's Rapid Deconstruct  Erth           8%         3d7*      38%         5
 Starburst                Conj/Fire      22%        6d8       36%         6
 Dispersal                Tloc           18%        N/A       54%         6
 Dragon Form              Tmut           27%        N/A       69%         7
 Death Channel            Necr           8%         N/A       89%         6
 Discord                  Hex            8%         N/A       100%        8
 Disjunction              Tloc           18%        N/A       100%        8
 Ignition                 Fire           26%        3d9       100%        8
 Chain Lightning          Conj/Air       22%        3d30      100%        9


Dungeon Overview and Level Annotations

Branches:
Dungeon (11/15)            Temple (1/1) D:7            Lair (3/5) D:11
 Shoals (0/4) Lair:2          Orc (2/2) D:11            Elf (0/3) Orc:2
  Sewer (visited)          Bailey (visited)
  Snake: Lair:2-3    Spider: Lair:2-3

Altars:
Ashenzari
Cheibriados
Dithmenos
Elyvilon
Fedhas
Gozag
Hepliaklqana
Kikubaaqudgha
Makhleb
Nemelex Xobeh
Okawaru
Qazlal
Ru
Sif Muna
Trog
Uskayaw
Vehumet
Wu Jian
Xom
Yredelemnul
The Shining One

Shops:
D:2 *((![   D:8 *(   D:11 =   Orc:1 =[::=[   Orc:2 =**[*(:*:

Portals:
Trove: D:11 (give 17 scrolls of teleportation)

Annotations:
D:6 exclusion: hound, Grinder
D:7 Maggie, Menkaure
D:11 1 runed translucent door
Orc:2 3 runed translucent doors, Vadun's ghost, journeyman MiBe


Innate Abilities, Weirdness & Mutations

You have razor-sharp teeth.
Your natural rate of healing is unusually fast.
When hurt, damage is shared between your health and your magic reserves.
Your bite disrupts and absorbs the magic of your enemies.
Potions cannot restore your health.


Message History

There is a stone staircase leading up here.
You climb upwards.
There is a stone staircase leading down here.
There is a stone staircase leading down here.
You start resting.
Magic restored.
You climb downwards.
The dream sheep shake their wool and sparkle.
You feel drowsy...
You fall asleep.
A dream sheep comes into view.
The death yak gores you!!!
You wake up.
Ouch! That really hurt!
* * * LOW HITPOINT WARNING * * *
The dream sheep bleats!
The death yak bellows! x2; The dream sheep bleats! x2
The death yak bellows! x2; You hear an angry hiss. x2
There is a stone staircase leading up, spattered with blood here.
Unknown command.
The death yak misses you.
You climb upwards.
There is a stone staircase leading down here.
Unknown command.
Casting: Plasma Beam (quite dangerous; 22% risk of failure)
Confirm with . or Enter, or press ? or * to list all spells.
You feel a surge of power!
You blink.
You feel stable enough to blink again.
You see here a yak skeleton.
Casting: Blink (safe; 1% risk of failure)
Confirm with . or Enter, or press ? or * to list all spells.
You feel a surge of power!
You begin to radiate toxic energy.
The death yak is poisoned.
Casting: Olgreb's Toxic Radiance (safe; 1% risk of failure)
Confirm with . or Enter, or press ? or * to list all spells.
You feel a surge of power!
You blink.
The death yak attacks as you move away!
The death yak gores you but does no damage.
The death yak looks even sicker.
Your toxic aura wanes.
The death yak attacks as you move away! The death yak misses you.
You feel stable enough to blink again.
Casting: Blink (safe; 1% risk of failure)
Confirm with . or Enter, or press ? or * to list all spells.
You feel a surge of power!
You blink.
You feel a surge of power!
You begin to radiate toxic energy.
The death yak looks even sicker.
You feel stable enough to blink again.
Your toxic aura wanes.
The death yak gores you!
Casting: Olgreb's Toxic Radiance (safe; 1% risk of failure)
Confirm with . or Enter, or press ? or * to list all spells.
You feel a surge of power!
You blink.
Splash!
You fall into the shallow water.
Moving in this stuff is going to be slow.
You feel stable enough to blink again. The death yak gores you.
The death yak attacks as you move away! The death yak misses you.
The death yak completely misses you. The death yak attacks as you move away!
The death yak gores you! The death yak attacks as you move away!
The death yak completely misses you.
The death yak looks more healthy.
The death yak gores you! The death yak gores you!!
* * * LOW HITPOINT WARNING * * *
Blink to where?
Press: ? - help, Dir - move target
As you read the scroll of blinking, it crumbles to dust.
You are too injured to fight recklessly!
Unknown command.
Casting: Olgreb's Toxic Radiance (safe; 1% risk of failure)
Press: ? - help, Q - select action, (/) - cycle Dir - look around, f - activate You feel a surge of power!
You begin to radiate toxic energy.
The death yak is poisoned.
The death yak looks even sicker.
Your toxic aura wanes.
Casting: Olgreb's Toxic Radiance (safe; 1% risk of failure)
Press: ? - help, Q - select action, (/) - cycle Dir - look around, f - activate You feel a surge of power!
You begin to radiate toxic energy.
The death yak looks even sicker.
Your toxic aura wanes.
Casting: Olgreb's Toxic Radiance (safe; 1% risk of failure)
Confirm with . or Enter, or press ? or * to list all spells.
You feel a surge of power!
You blink.
The death yak attacks as you move away! The death yak gores you.
You feel stable enough to blink again.
Casting: Blink (safe; 1% risk of failure)
Confirm with . or Enter, or press ? or * to list all spells.
You feel a surge of power!
You blink.
You feel stable enough to blink again.
The death yak looks more healthy.
Casting: Blink (safe; 1% risk of failure)
Confirm with . or Enter, or press ? or * to list all spells.
You feel a surge of power!
You blink.
You feel stable enough to blink again. The death yak attacks as you move away!
The death yak closely misses you. The death yak attacks as you move away!
The death yak gores you. The death yak attacks as you move away!
The death yak gores you! The death yak attacks as you move away!
The death yak gores you!! The death yak attacks as you move away!
The death yak gores you!
* * * LOW HITPOINT WARNING * * *
The death yak attacks as you move away! The death yak gores you!!
You die...

#......### ####
######........#######
#..#######...#..........##P#.##
#....(.........................
#........................<.....
#..............................
#..............................
#.(............................
#............Y@^...............
#.#############....)..######P#.
### ##.......# #### ##......##
#.......# #P......## #.......P#
##.......# ##†...[.##


You could see a death yak.

Vanquished Creatures
  2 orc warlords
  An ettin (Orc:1)
  A boulder beetle (D:11)
  A catoblepas (Lair:2)
  5 two-headed ogres
  5 orc high priests
  Nergalle (Lair:2)
  Pikel (D:6)
  2 orc sorcerers
  An elephant (D:11)
  A black mamba (Lair:2)
  2 cane toads (Lair:1)
  5 komodo dragons
  4 trolls
  A polar bear (Lair:1)
  Prince Ribbit (D:7)
  A snapping turtle (Lair:2)
  Sigmund (D:6)
  Eustachio (D:4)
  3 shadows
  2 wyverns
  11 yaks
  4 fire bats (D:10)
  2 steam dragons
  4 basilisks
  A vampire mosquito (D:11)
  A hell hound (D:10)
  5 water moccasins
  Duvessa (D:5)
  2 acid dragons
  2 black bears
  36 orc warriors
  An ice beast (D:7)
  An ogre (Orc:1)
  6 wolves (Lair:2)
  4 centaurs
  A phantom (D:5)
  A lemure (D:6)
  8 bullfrogs
  11 scorpions
  Dowan (D:5)
  11 killer bees
  A howler monkey (D:10)
  6 electric eels (Bailey)
  A crimson imp (D:3)
  2 lava snakes (D:10)
  2 hounds
  2 gnoll boudas
  32 orc priests
  A sleepcap (D:5)
  Natasha (thrice) (D:4)
  34 orc wizards
  16 gnolls
  3 river rats (Sewer)
  7 adders
  A shadow imp (D:5)
  A white imp (D:8)
  An ufetubus (D:5)
  2 worms
  3 dart slugs
  86 orcs
  5 bats
  4 endoplasms
  10 giant cockroaches
  6 hobgoblins
  9 kobolds
  3 quokkas (D:3)
  19 ball pythons
  7 frilled lizards
  15 goblins
  23 rats
  A butterfly (D:11)
  2 fire vortices (D:10)
464 creatures vanquished.

Vanquished Creatures (others)
  A fire vortex (D:10)
1 creature vanquished.

Grand Total: 465 creatures vanquished

Notes
Turn   | Place    | Note
-------+----------+-------------------------------------------
     0 | D:1      | browni3141 the Vine Stalker Venom Mage began the quest for
                  | the Orb.
     0 | D:1      | Reached XP level 1. HP: 9/9 MP: 4/4
   273 | D:1      | Reached XP level 2. HP: 14/14 MP: 4/6
   543 | D:1      | Learned a level 2 spell: Poisonous Vapours
   875 | D:2      | Found Niss's Distillery.
   921 | D:2      | Bought a potion of curing for 39 gold pieces
   951 | D:2      | Reached XP level 3. HP: 17/18 MP: 3/7
  1026 | D:2      | Found Askextub's Antique Armour Shoppe.
  1350 | D:2      | Found Unacecs's Assorted Antiques.
  1359 | D:2      | Bought a scroll labelled TICATO WAUH for 16 gold pieces
  1473 | D:2      | Found Socur's Weapon Shop.
  1519 | D:2      | Found Anyasch's Weapon Boutique.
  1529 | D:2      | Identified the +2 sling of Zin's Regard {speed, Int+3}
  1827 | D:3      | Found a glowing drain.
  1839 | D:3      | Gained mutation: Your natural rate of healing is unusually
                  | fast. [Vine Stalker growth]
  1839 | D:3      | Reached XP level 4. HP: 22/22 MP: 5/9
  1857 | Sewer    | Entered a sewer
  2032 | Sewer    | Reached skill level 3 in Spellcasting
  2212 | Sewer    | Reached XP level 5. HP: 22/25 MP: 3/10
  2365 | Sewer    | Reached skill level 3 in Stealth
  2475 | Sewer    | Reached XP level 6. HP: 30/30 MP: 2/11
  2481 | Sewer    | Learned a level 4 spell: Olgreb's Toxic Radiance
  2485 | Sewer    | Learned a level 3 spell: Mephitic Cloud
  2644 | D:3      | Identified the +5 mace of the Enfolding Penguin {freeze,
                  | rCorr Int+2}
  2685 | D:3      | Found a faded altar of an unknown god.
  3070 | D:3      | Found a radiant altar of Vehumet.
  3071 | D:3      | Found a burning altar of Makhleb.
  3237 | D:4      | Noticed Eustachio
  3354 | D:4      | Killed Eustachio
  3355 | D:4      | Reached skill level 6 in Poison Magic
  3355 | D:4      | Reached XP level 7. HP: 33/33 MP: 3/12
  3779 | D:4      | Noticed Natasha
  3788 | D:4      | Killed Natasha
  3914 | D:4      | Found a sparkling altar of Nemelex Xobeh.
  3915 | D:4      | Noticed Natasha
  3921 | D:4      | Killed Natasha
  4263 | D:4      | Found a sparkling altar of Nemelex Xobeh.
  4476 | D:4      | Noticed Natasha
  4482 | D:4      | Killed Natasha
  4699 | D:5      | Entered Level 5 of the Dungeon
  4699 | D:5      | Noticed Duvessa
  4699 | D:5      | Noticed Dowan
  4754 | D:5      | Killed Duvessa
  4755 | D:5      | Reached skill level 3 in Maces & Flails
  4760 | D:4      | Gained mutation: You have razor-sharp teeth. [Vine Stalker
                  | growth]
  4760 | D:4      | Reached XP level 8. HP: 21/37 MP: 0/13
  4861 | D:5      | Killed Dowan
  5866 | D:6      | Noticed Grinder
  5923 | D:6      | Noticed Sigmund
  5929 | D:6      | Killed Sigmund
  6063 | D:6      | Noticed Pikel
  6075 | D:6      | Killed Pikel
  6076 | D:6      | Reached skill level 6 in Spellcasting
  6076 | D:6      | Reached XP level 9. HP: 38/42 MP: 8/19
  6425 | D:6      | Found a shimmering blue altar of Sif Muna.
  6650 | D:6      | Became a worshipper of Sif Muna the Loreminder
  6668 | D:7      | Found a staircase to the Ecumenical Temple.
  6680 | D:7      | Noticed Prince Ribbit
  6681 | D:7      | Got the Papyrus of Blasts
  6693 | D:7      | Killed Prince Ribbit
  6698 | Temple   | Entered the Ecumenical Temple
  6935 | D:7      | Found a hide-covered altar of Uskayaw.
  7091 | D:7      | Noticed Menkaure
  7099 | D:7      | Learned a level 5 spell: Alistair's Intoxication
  7110 | D:7      | Noticed Maggie
  7117 | D:7      | Reached skill level 3 in Transmutations
  7294 | D:8      | Found Dunebb's Weapon Emporium.
  7302 | D:8      | Bought 3 datura-tipped darts for 32 gold pieces
  7481 | D:8      | Found a snail-covered altar of Cheibriados.
  7540 | D:8      | Found Waot's Assorted Antiques.
  7627 | D:8      | Found a flagged portal.
  7631 | D:8      | Reached * piety under Sif Muna
  7645 | D:8      | Reached skill level 3 in Fighting
  7695 | Bailey   | Entered a bailey
  7810 | Bailey   | Reached XP level 10. HP: 49/49 MP: 17/22
  7921 | Bailey   | Reached skill level 3 in Armour
  8210 | Bailey   | Noticed an orc high priest
  8219 | Bailey   | Noticed an orc sorcerer
  8224 | Bailey   | Noticed a smoke demon
  8235 | Bailey   | Killed an orc sorcerer
  8236 | Bailey   | Reached skill level 3 in Invocations
  8237 | Bailey   | Killed an orc high priest
  8238 | Bailey   | Reached skill level 9 in Poison Magic
  8366 | Bailey   | Reached ** piety under Sif Muna
  8644 | Bailey   | Found an iron altar of Okawaru.
  9038 | Bailey   | Learned a level 2 spell: Blink
  9042 | Bailey   | Learned a level 3 spell: Volatile Blastmotes
  9057 | D:8      | Acquired 267 gold pieces
  9188 | D:8      | Found a glowing golden altar of the Shining One.
  9730 | D:2      | Bought an emerald potion for 14 gold pieces
  9730 | D:2      | Bought a scroll of identify for 32 gold pieces
  9730 | D:2      | Bought a spiked helmet for 152 gold pieces
  9730 | D:2      | Identified the +1 helmet of the Lumpy Xalams {rElec Slay+2}
                  | (You bought it in a shop on level 2 of the Dungeon)
  9738 | D:2      | Learned a level 1 spell: Apportation
  9833 | D:2      | Bought a colourful robe for 102 gold pieces
  9833 | D:2      | Identified the +2 robe "Vycvo" {rPois Str-4 Int+3} (You
                  | bought it in a shop on level 2 of the Dungeon)
 10292 | D:7      | Found a basalt altar of Yredelemnul.
 10975 | D:10     | Entered Level 10 of the Dungeon
 10990 | D:10     | Noticed a two-headed ogre
 11057 | D:10     | Reached XP level 11. HP: 51/52 MP: 19/24
 11398 | D:10     | Found an opulent altar of Gozag.
 11439 | D:10     | Noticed a two-headed ogre
 11499 | D:10     | Killed a two-headed ogre
 11500 | D:10     | Reached skill level 3 in Conjurations
 11500 | D:10     | Reached skill level 3 in Translocations
 11500 | D:10     | Reached skill level 3 in Fire Magic
 11500 | D:10     | Reached skill level 3 in Air Magic
 11649 | D:10     | Reached *** piety under Sif Muna
 11939 | D:10     | Killed a two-headed ogre
 11940 | D:10     | Reached skill level 6 in Transmutations
 12223 | D:11     | Found Mywkeok's Jewellery Boutique.
 12260 | D:11     | Found a staircase to the Orcish Mines.
 12723 | D:11     | Noticed a two-headed ogre
 12759 | D:11     | Killed a two-headed ogre
 12863 | D:11     | Found a portal to a secret trove of treasure.
 12924 | D:11     | Found a runed translucent door.
 12926 | D:11     | Found a runed translucent door.
 12965 | D:11     | Noticed a two-headed ogre
 12988 | D:11     | Killed a two-headed ogre
 12989 | D:11     | Reached skill level 3 in Dodging
 13195 | D:11     | Noticed a boulder beetle
 13197 | D:11     | Noticed a two-headed ogre
 13204 | D:11     | Killed a boulder beetle
 13206 | D:11     | Reached skill level 6 in Stealth
 13207 | D:11     | Reached **** piety under Sif Muna
 13208 | D:11     | Reached XP level 12. HP: 56/56 MP: 0/25
 13212 | D:11     | Killed a two-headed ogre
 13340 | D:11     | Found a staircase to the Lair.
 13552 | Lair:1   | Entered Level 1 of the Lair of Beasts
 13604 | Lair:1   | Reached skill level 9 in Spellcasting
 14118 | Orc:1    | Entered Level 1 of the Orcish Mines
 14118 | Orc:1    | Found Astrocifu's Book Boutique.
 14131 | Orc:1    | Bought a book of Fire for 616 gold pieces
 14138 | Orc:1    | Learned a level 6 spell: Plasma Beam
 14285 | Orc:1    | Found Qodown's Armour Boutique.
 14295 | Orc:1    | Found Ofogeje's Jewellery Shop.
 14309 | Orc:1    | Found Seczif's Book Boutique.
 14342 | Orc:1    | Noticed an orc warlord
 14376 | Orc:1    | Reached skill level 6 in Invocations
 14488 | Orc:1    | Noticed an ettin
 14526 | Orc:1    | Found Vuvi Neatwou's Antique Armour Shoppe.
 14566 | Orc:1    | Killed an ettin
 14571 | Orc:1    | Killed an orc warlord
 14805 | Orc:2    | Entered Level 2 of the Orcish Mines
 14805 | Orc:2    | Found Xoxif's Jewellery Shop.
 14805 | Orc:2    | Found a staircase to the Elven Halls.
 14819 | Orc:2    | Reached ***** piety under Sif Muna
 14827 | Orc:2    | Noticed an orc warlord
 15365 | Orc:2    | Found a runed translucent gate.
 15366 | Orc:2    | Found a runed translucent gate.
 15366 | Orc:2    | Found a runed translucent gate.
 15366 | Orc:2    | Found an opulent altar of Gozag.
 15390 | Orc:2    | Killed an orc warlord
 15522 | Orc:2    | Received a gift from Sif Muna
 15523 | Orc:2    | Got Puppotag's Octavo of Hurtful Sculpting {god gift}
 15568 | Orc:2    | Found Suef's Antique Armour Shop.
 15715 | Orc:2    | Noticed Vadun's ghost (journeyman MiBe)
 15716 | Orc:2    | Found Hucoxt's Assorted Antiques.
 15717 | Orc:2    | Found Qokhlo's Assorted Antiques.
 15849 | Orc:2    | Found Guallif's Weapon Emporium.
 15905 | Orc:2    | Noticed an orc high priest
 15910 | Orc:2    | Noticed an orc high priest
 15912 | Orc:2    | Noticed an orc high priest
 15914 | Orc:2    | Killed an orc high priest
 16068 | Orc:2    | Killed an orc high priest
 16345 | Orc:2    | Noticed an orc high priest
 16580 | Orc:2    | Killed an orc high priest
 16682 | Orc:2    | Reached XP level 13. HP: 60/60 MP: 27/27
 16805 | Orc:2    | Found Ustrowun's Book Boutique.
 16805 | Orc:2    | Found Cachi's General Store.
 16806 | Orc:2    | Found Onoshiz's Antique Weapon Shop.
 16810 | Orc:2    | Found Piarchuk's Assorted Antiques.
 16998 | Orc:2    | Found Wokie's Book Shop.
 17155 | Orc:1    | Bought the ring of the Mage {Wiz Archmagi} for 612 gold
                  | pieces
 17155 | Orc:1    | Found the ring of the Mage {Wiz Archmagi}
 17943 | Lair:2   | Noticed Nergalle
 17952 | Lair:2   | Killed Nergalle
 17953 | Lair:2   | Reached skill level 9 in Stealth
 18207 | Lair:2   | Identified the +2 scale mail "Hoqaedep" {Dex+3}
 18553 | Lair:2   | Found a staircase to the Shoals.
 19115 | Lair:2   | Slain by a death yak

Illustrated notes

Levels and vault maps discovered:
D:1:      wander_arrival_peaceful_grave, layout_loops_ring
D:2:      layout_loops_ring, serial_shops, nicolae_shop_trees, shop,
          nicolae_shop_advertising_works [nicolae_subvault_shop_adworks], shop,
          shop
D:3:      layout_loops_ring, grunt_temple_overflow_lords_of_destruction,
          chequers_ecumenical_altar_grove, gup_sewer_entry_glass,
          kennysheep_nondescript, amcnicky_mini_pool_small
D:4:      layout_basic, nemelex_spade_bored_becter, uniq_natasha, uniq_eustachio
D:5:      nicolae_cairo_tiling, layout_basic, serial_aquarium,
          aquarium_bridge_straight [aquarium_subvault_bridge,
          aquarium_subvault_window, aquarium_subvault_bridge,
          aquarium_subvault_balcony], aquarium_window_corner,
          aquarium_window_double, aquarium_window_double, aquarium_window_fake,
          aquarium_view_2d, uniq_duvessa
D:6:      layout_basic, lemuel_round_altar, uniq_grinder, uniq_sigmund,
          uniq_pikel
D:7:      layout_cave_pools, mainiacjoe_overflow_alcove_4,
          lemuel_coloured_pillars_altar, mainiacjoe_overflow_small_starburst,
          minmay_temple_entry_sparse_star, serial_park, serial_park_square3
          [serial_park_minivault_5x5_6], serial_park_avenue1,
          serial_park_tiny_2, minmay_misc_feat_ornament, st_stairs_7,
          minmay_curled_crystal, uniq_menkaure, uniq_maggie, uniq_prince_ribbit1
D:8:      layout_basic, mainiacjoe_overflow_catch_the_wave, serial_shops,
          nicolae_shop_bloodbath_and_beyond, nicolae_shop_real_fake_doors,
          enter_bailey_3, nicolae_benzene_ring,
          amcnicky_mini_rare_corridor_liquid, hangedman_abyss_or_decor_passed
D:9:      layout_rooms
D:10:     minmay_general_purpose_star, layout_irregular_city,
          mainiacjoe_overflow_catwalk, hangedman_incinerator
D:11:     lemuel_insect_pit, layout_irregular_city, david_lair_generic,
          minmay_orc_entry_temple_large, serial_shops, shop, enter_trove_2
Temple:   nicolae_temple_godzebo
Lair:1:   layout_cave_pods, grunt_forest_stairs_basic, serial_bayou_shore_a
Lair:2:   layout_big_grid, minmay_shoals_entry_hut, grunt_megastairs_2,
          uniq_nergalle
Lair:3:   layout_chaotic_city, minmay_snake_entry_six_corridors
Orc:1:    layout_diamond_mine, basic_altar, serial_shops,
          nicolae_shop_gaudy_bauble, nicolae_shop_statue_plus, shop,
          nicolae_shop_scrapyard, nicolae_shop_hallway_plus
Orc:2:    st_orc_mages, layout_diamond_mine, ebering_ghost_gozag, basic_altar,
          serial_shops, nicolae_shop_pleasant_corner_grove, shop,
          nicolae_shop_overgrown_old_shop, shop

Skill      XL: |  1  2  3  4  5  6  7  8  9 10 11 12 13 |
---------------+----------------------------------------+-----
Fighting       | 1 3 |  3.0
Transmutations | 2 4 6 |  6.0
Poison Magic   | 4 5 6 8 9 10 | 10.0
Spellcasting   | 3 6 7 8 9 10 | 10.0
Stealth        | 4 6 8 9 |  9.5
Dodging        | 2 3 5 |  5.9
Air Magic      | 1 2 3 4 5 |  5.7
Maces & Flails | 1 3 4 |  4.0
Evocations     | 2 |  2.0
Armour         | 1 2 3 |  3.0
Invocations    | 4 5 7 |  7.7
Conjurations   | 2 3 |  3.0
Translocations | 2 3 |  3.0
Fire Magic     | 2 3 4 5 |  5.7

Action                     |  1- 3 |  4- 6 |  7- 9 | 10-12 | 13-15 || total
---------------------------+-------+-------+-------+-------+-------++-------
  Melee: Unarmed           |     1 |       |       |       |       ||     1
         Rapier            |    14 |    72 |       |       |       ||    86
         Bite              |     4 |    20 |    37 |    31 |    19 ||   111
         Mace              |       |    31 |    67 |    74 |    59 ||   231
         Whip              |       |       |    61 |    43 |       ||   104
         Punch             |       |       |     2 |     1 |     1 ||     4
   Fire: Sling             |       |       |       |   177 |    18 ||   195
   Cast: Sting             |    63 |    67 |    32 |       |       ||   162
         Poisonous Vapours |       |    11 |    16 |       |       ||    27
         Olgreb's Toxic Ra |       |       |    22 |   141 |    32 ||   195
         Mephitic Cloud    |       |       |     2 |    20 |     4 ||    26
         Volatile Blastmot |       |       |       |     5 |       ||     5
         Alistair's Intoxi |       |       |       |    11 |     2 ||    13
         Blink             |       |       |       |     7 |     7 ||    14
         Plasma Beam       |       |       |       |       |     6 ||     6
 Invoke: Channel Magic     |       |       |       |     2 |       ||     2
  Evoke: Wand              |       |       |     4 |     7 |       ||    11
         Tin of tremorston |       |       |       |     3 |       ||     3
    Use: Potion            |     1 |       |     1 |     1 |       ||     3
         Scroll            |       |     3 |     7 |    12 |     4 ||    26
   Stab: Sleeping          |       |     2 |     2 |       |     1 ||     5
         Distracted        |       |     1 |       |       |       ||     1
         Invisible         |       |       |     1 |       |       ||     1
         Confused          |       |       |       |       |     2 ||     2
 Armour: Robe              |     3 |       |       |    32 |    15 ||    50
         Ring mail         |    17 |    94 |    35 |       |       ||   146
         Acid dragon scale |       |       |    20 |     4 |       ||    24
  Dodge: Dodged            |    21 |    94 |    66 |   120 |    52 ||   353
